 Dungeon Crawl Stone Soup version 0.24-a0-335-g06ca16a (webtiles) character file.

Game seed: 10806029488837609742

61 Borgoz the Twirler (level 4, 0/27 HPs)
             Began as a Gargoyle Gladiator on May 19, 2019.
             Killed by divine providence
             ... invoked by an orc priest
              (14 damage)
             ... on level 2 of the Dungeon.
             The game lasted 00:01:28 (1167 turns).

Borgoz the Twirler (Gargoyle Gladiator)             Turns: 1167, Time: 00:01:28

Health: 0/27       AC: 11    Str: 16 (18) XL:     4   Next: 7%
Magic:  4/4        EV: 10    Int:  5 (8)  God:
Gold:   117        SH:  0    Dex: 10 (12) Spells: 3/3 levels left

rFire    . . .     SeeInvis .   a - +0 quarterstaff
rCold    . . .     Gourm    .   (shield currently unavailable)
rNeg     + + .     Faith    .   k - +0 scale mail
rPois    ∞         Spirit   .   c - +0 helmet
rElec    +         Reflect  .   (no cloak)
rCorr    .         Harm     .   (no gloves)
MR       .....                  (no boots)
Stlth    ..........             (no amulet)
HPRegen  0.09/turn              i - ring of positive energy
MPRegen  0.09/turn              (no ring)

@: no status effects
A: negative energy resistance 1, electricity resistance, unbreathing,
petrification resistance, rot immunity, AC +3
a: no special abilities


You were on level 2 of the Dungeon.
You were not hungry.

You visited 1 branch of the dungeon, and saw 2 of its levels.

You collected 117 gold pieces.

Inventory:

Hand Weapons
 a - a +0 quarterstaff (weapon)
Missiles
 d - 3 throwing nets (quivered)
Armour
 c - a +0 helmet (worn)
 k - a +0 scale mail (worn)
Jewellery
 i - a ring of positive energy (left hand)
 o - an uncursed ring of resist corrosion {unknown}
Scrolls
 g - 2 scrolls of identify {unknown}
 j - 2 scrolls of noise {unknown}
 p - a scroll of fog {unknown}
 q - a scroll of remove curse {unknown}
 r - a scroll of enchant armour {unknown}
 s - 3 scrolls of teleportation {unknown}
Potions
 h - a potion of might {unknown}
 m - a potion of haste {unknown}
 n - a potion of heal wounds {unknown}
 t - a potion of lignification {unknown}
Comestibles
 f - 3 rations
 l - a chunk of flesh


   Skills:
 + Level 2.8 Fighting
 * Level 3.6 Staves
 - Level 1.7 Throwing
 + Level 1.3 Armour
 * Level 3.0 Dodging


You had 3 spell levels left.
You didn't know any spells.
Your spell library was empty.

Dungeon Overview and Level Annotations

Branches:
Dungeon (2/15)

Altars:
Gozag


Innate Abilities, Weirdness & Mutations

You are resistant to torment.
Your stone body is resilient. (AC +3)
You are immune to poison.
You resist negative energy. (rN+)
You are resistant to electric shocks. (rElec)
You can survive without breathing.
You are immune to petrification.
You are immune to rotting.


Message History

You are too injured to fight recklessly!
You are too injured to fight recklessly!
You are too injured to fight recklessly!
It was a potion of degeneration.
There was something very wrong with that liquid.
You feel weakened.
You feel dopey.
You feel clumsy. The orc priest hits you.
The orc priest looks satisfied for a moment.
It was a potion of curing.
You feel better.
The orc priest hits you but does no damage.
The orc priest calls down the wrath of Beogh upon you.
Beogh smites you!
Ouch! That really hurt!
* * * LOW HITPOINT WARNING * * *
The orc hits you but does no damage.
You feel better.
The orc priest calls down the wrath of Beogh upon you.
Beogh smites you!
Ouch! That really hurt!
You die...

.......†.# #......#....
..... .........#
##....... ## .....
.........# #.....#. ###'#
#........####.#####..#
##.#
#..................... .
....
)........#####.####.. ...
....
.........##.....####.....
.###
..........#......ooo.....
#..
..........#.....@#o......
#..
..........#......#o#...#.
#.. ...########......#oo
.... ... ...# #......#...
... ### ...# #####..#....
.. ...## #..#.#... .
....# #..#....... ###.#
#..# .# #.## #..## $#


You could see an orc priest and 2 orcs.

Vanquished Creatures
  2 adders (D:2)
  2 worms (D:2)
  A leopard gecko (D:2)
  5 bats
  4 giant cockroaches
  5 goblins
  3 hobgoblins (D:1)
  7 kobolds
  A ball python (D:2)
  3 frilled lizards
  2 rats (D:2)
35 creatures vanquished.

Notes
Turn   | Place    | Note
-------+----------+-------------------------------------------
     0 | D:1      | Borgoz the Gargoyle Gladiator began the quest for the Orb.
     0 | D:1      | Reached XP level 1. HP: 12/12 MP: 1/1
   250 | D:1      | Reached XP level 2. HP: 18/18 MP: 2/2
   791 | D:2      | Reached XP level 3. HP: 22/22 MP: 3/3
   795 | D:2      | Reached skill level 1 in Armour
  1004 | D:2      | Reached XP level 4. HP: 27/27 MP: 4/4
  1038 | D:2      | Found an opulent altar of Gozag.
  1167 | D:2      | Killed from afar by an orc priest

Levels and vault maps discovered:
D:1:      eino_arrival_water_cross, layout_loops_ring
D:2:      cheibrodos_pilgrimage, layout_basic, nicolae_overflow_hidden_temple,
          old_standard_altar

Skill      XL: |  1  2  3 |
---------------+----------+-----
Armour         | 1 |  1.3
Dodging        | 3 |  3.0
Fighting       | |  2.8
Staves         | |  3.6
Throwing       | |  1.7

Action                   |  1- 3 |  4- 6 || total
-------------------------+-------+-------++-------
Melee: Quarterstaff      |    97 |     5 ||   102
  Use: Potion            |       |     3 ||     3
  Eat: Chunk             |       |     1 ||     1
Armor: Leather armour    |    13 |       ||    13
       Scale mail        |    44 |     6 ||    50
Dodge: Dodged            |    76 |     2 ||    78

Table legend:
 A = Non-vault XP
 B = Vault XP
 C = Vault XP percentage of total XP
 D = Non-vault monster count
 E = Vault monster count
 F = Vault count percentage of total count
                 A         B        C        D         E       F
            +---------+---------+-------+---------+---------+-------
      Total |      88 |       0 |   0.0 |      35 |       0 |   0.0
            +---------+---------+-------+---------+---------+-------
        D:1 |      31 |       0 |   0.0 |      17 |       0 |   0.0
        D:2 |      57 |       0 |   0.0 |      18 |       0 |   0.0
            +---------+---------+-------+---------+---------+-------
